 Dungeon Crawl Stone Soup version 0.13-a0-2682-gb26bf1a (webtiles) character file.

84 M4edhros the Skirmisher (level 3, 0/23 HPs)
             Began as an Octopode Wanderer on Aug 13, 2013.
             Slain by a hound (1 damage)
             ... on Level 4 of the Dungeon.
             The game lasted 00:00:39 (574 turns).

M4edhros the Skirmisher (Octopode Wanderer)          Turns: 574, Time: 00:00:39

HP   0/23        AC  1     Str 10      XL: 3   Next:  2%
MP   3/3         EV 11     Int 15      God:
Gold 60          SH  0     Dex 12      Spells:  0 memorised,  2 levels left

Res.Fire  : . . .   See Invis. : .     - Unarmed
Res.Cold  : . . .   Warding    : .   (no shield)
Life Prot.: . . .   Conserve   : .   (helmet restricted)
Res.Poison: .       Res.Corr.  : .   (no amulet)
Res.Elec. : .       Clarity    : .   (no ring)
Sust.Abil.: . .     Spirit.Shd : .   (no ring)
Res.Mut.  : .       Stasis     : .   (no ring)
Res.Rott. : .       Flight     : .   (no ring)
Saprovore : . . .                    (no ring)
                                     (no ring)
                                     (no ring)
                                     (no ring)

@: not resistant to hostile enchantments, fairly stealthy
A: almost no armour, amphibious, 8 rings, constrict 8, camouflage 1, AC +1
a: no special abilities


You were on level 4 of the Dungeon.
You were not hungry.

You visited 1 branch of the dungeon, and saw 4 of its levels.

You collected 10 gold pieces.

Inventory:

Comestibles
 b - a meat ration
 d - a bread ration
Scrolls
 a - a scroll of blinking
 c - a scroll of enchant weapon I {unknown}
 e - a scroll of recharging {unknown}


   Skills:
 + Level 5.3 Fighting
 - Level 1.0 Throwing
 - Level 1.0 Dodging
 + Level 2.8 Unarmed Combat
   Level 1.0 Invocations


You had 2 spell levels left.
You didn't know any spells.

Dungeon Overview and Level Annotations

Branches:
Dungeon (4/27)
 Temple: D:4-7

Altars:

Shops:
D:4: %


Innate Abilities, Weirdness & Mutations

You cannot wear most types of armour.
You are amphibious.
You can wear up to eight rings at the same time.
You can use your tentacles to constrict many enemies at once.
Your skin changes colour to match your surroundings (Stlth).
Your rubbery body absorbs attacks (AC +1).


Message History

The giant newt bites you. The hound bites you.
You barely miss the hound.
The hound is lightly wounded.
You constrict the hound, but do no damage.
The giant newt bites you. The hound bites you but does no damage.
You hit the hound.
The hound is moderately wounded.
You constrict the hound. The hound bites you. The giant newt barely misses you.
You hit the hound.
You squeeze the hound, but do no damage.
The hound is heavily wounded.
You constrict the hound. The hound bites you.
The giant newt closely misses you. The hound bites you.
* * * LOW HITPOINT WARNING * * *
You are too injured to fight recklessly!
You aren't carrying any potions.
You barely miss the hound.
The hound is severely wounded.
You constrict the hound. The hound bites you.
You die...

... .#....... .#........
........ # #......
#.#..... ... # #.#....
... # #...lh## #.. .
#..@.# #.# # #....# #.#
# #[...# #.# # #....#
#.# #### #....# #.# #...
...#....####.#########.
........................
#.........#.########.#.
#.#^..#.#.#.# #.#.


You could see a hound and a giant newt.

Vanquished Creatures
  An adder (D:2)
  A giant eyeball (D:4)
  A giant gecko (D:2)
  2 bats (D:1)
  A giant cockroach (D:1)
  A goblin (D:4)
  2 hobgoblins (D:1)
  A giant newt (D:2)
  A kobold (D:1)
11 creatures vanquished.

Notes
Turn   | Place    | Note
--------------------------------------------------------------
     0 | D:1      | M4edhros, the Octopode Wanderer, began the quest for the Orb.
     0 | D:1      | Reached XP level 1. HP: 12/12 MP: 1/1
     0 | D:1      | Noticed an ogre
     3 | D:1      | Noticed a minotaur
     7 | D:1      | Noticed a dwarf
    11 | D:1      | Noticed a minotaur zombie
    13 | D:1      | Noticed a spriggan zombie
    13 | D:1      | Noticed an elf
    15 | D:1      | Noticed an octopode
    15 | D:1      | Noticed a human skeleton
    17 | D:1      | Noticed a minotaur
    17 | D:1      | Noticed a troll zombie
    19 | D:1      | Noticed a spriggan
    19 | D:1      | Noticed a ghoul
   119 | D:1      | Reached XP level 2. HP: 6/18 MP: 2/2
   500 | D:4      | Found Psasoi's Food Shop.
   508 | D:4      | Reached XP level 3. HP: 19/23 MP: 3/3
   573 | D:4      | HP: 1/23 [hound (6)]
   574 | D:4      | Slain by a hound

Action                   || total
-------------------------++-------
Melee: Unarmed           ||    31
 Stab: Sleeping          ||     2
